 Dungeon Crawl Stone Soup version 0.23.2-30-g0e89c35 (webtiles) character file.

Game seed: 17579719918909744058

7393 Cronone the Protected (level 10, -10/90 HPs)
             Began as a Minotaur Fighter on June 12, 2019.
             Was a Priest of Ru.
             Mangled by an ettin
             ... wielding a +0 dire flail
              (16 damage)
             ... on level 10 of the Dungeon.
             The game lasted 01:23:50 (10154 turns).

Cronone the Protected (Minotaur Fighter)           Turns: 10154, Time: 01:23:50

Health: -10/90     AC: 18    Str: 26    XL:     10   Next: 92%
Magic:  9/9        EV: 10    Int:  5    God:    Ru [***...]
Gold:   364        SH:  2    Dex:  9    Spells: 9/9 levels left

rFire    . . .     SeeInvis .   G - +3 dire flail (protect)
rCold    + . .     Gourm    .   (shield currently unavailable)
rNeg     + . .     Faith    .   n - +4 chain mail {rC+}
rPois    +         Spirit   .   (helmet restricted)
rElec    .         Reflect  +   (no cloak)
rCorr    +         Harm     .   v - +2 pair of gloves
MR       .....                  (no boots)
Stlth    ..........             b - amulet "Bumnou" {Reflect rN+ Str+3 Dex-2 Slay+5 SH+2}
HPRegen  0.25/turn              D - ring of resist corrosion
MPRegen  0.11/turn              a - ring of poison resistance

@: no status effects
A: retaliatory headbutt, horns 2, magic vulnerability 1, unskilled 1
a: Draw Out Power, Renounce Religion


You were on level 10 of the Dungeon.
You worshipped Ru.
Ru was most pleased with you.
You were hungry.

You visited 2 branches of the dungeon, and saw 11 of its levels.

You collected 887 gold pieces.
You spent 523 gold pieces at shops.

Inventory:

Hand Weapons
 m - a +3 falchion of slicing
 p - a +2 rapier of distortion
 y - a +2 vampiric scythe
 G - a +3 dire flail of protection (weapon)
 I - a +3 morningstar of freezing
Missiles
 M - 11 tomahawks of returning (quivered)
Armour
 c - a +0 shield
 n - a +4 chain mail of cold resistance (worn)
 v - a +2 pair of gloves (worn)
Jewellery
 a - a ring of poison resistance (right hand)
 b - the amulet "Bumnou" (around neck) {Reflect rN+ Str+3 Dex-2 Slay+5 SH+2}
   (You bought it in a shop on level 4 of the Dungeon)

   [amulet of reflection]

   It shields you and reflects attacks.
   It affects your strength (+3).
   It affects your dexterity (-2).
   It affects your accuracy and damage with ranged weapons and melee attacks
   (+5).
   It protects you from negative energy.
   It affects your SH (+2).
 l - an uncursed ring of protection from magic
 D - a ring of resist corrosion (left hand)
Wands
 q - a wand of iceblast (8)
 t - a wand of disintegration (18)
 L - a wand of random effects (31)
 N - a wand of polymorph (8)
Scrolls
 e - a scroll of amnesia {unknown}
 f - 2 scrolls of enchant armour
 h - 3 scrolls of fog {unknown}
 j - 4 scrolls of identify
 k - 5 scrolls of teleportation
 o - 5 scrolls of remove curse
 r - a scroll of blinking
 B - a scroll of fear {unknown}
 C - a scroll of noise {unknown}
 E - 4 scrolls of immolation {unknown}
 F - a scroll of torment {unknown}
 K - a scroll of summoning {unknown}
Potions
 d - a potion of might
 i - 3 potions of curing
 u - 2 potions of ambrosia {unknown}
 x - 2 potions of flight {unknown}
 z - a potion of berserk rage
 H - 4 potions of heal wounds {unknown}
 J - a potion of mutation {unknown}
Comestibles
 g - 15 rations


   Skills:
 + Level 8.7 Fighting
 - Level 9.2 Long Blades
   Level 3.2(4.7) Axes
 + Level 5.4(5.8) Maces & Flails
 + Level 9.4 Armour
 - Level 3.1 Dodging
 - Level 0.1 Stealth
 - Level 8.7 Shields


You had 9 spell levels left.
You didn't know any spells.
Your spell library was empty.

Dungeon Overview and Level Annotations

Branches:
Dungeon (10/15)            Temple (1/1) D:7            Lair (0/6) D:9
    Orc (0/2) D:10

Altars:
Ashenzari
Cheibriados
Dithmenos
Elyvilon
Fedhas
Gozag
Hepliaklqana
Kikubaaqudgha
Makhleb
Nemelex Xobeh
Okawaru
Qazlal
Ru
Sif Muna
Trog
Uskayaw
Vehumet
Wu Jian
Xom
Yredelemnul
Zin
The Shining One

Shops:
D:4 =   D:6 ?   D:7 !=

Annotations:
D:10 RatchetSly's ghost, novice SpAs


Innate Abilities, Weirdness & Mutations

You reflexively headbutt those who attack you in melee.
You have a pair of horns on your head.
You are slightly vulnerable to magic. (MR-)
You are somewhat unskilled. (-1 Apt)


Message History

The ettin is moderately wounded.
The ettin closely misses you. The ettin barely misses you.
You hit the ettin but do no damage.
The ettin is moderately wounded.
The ettin hits you with a +0 dire flail!!!
The ettin barely misses you.
The sky beast flickers out of sight!
Deactivating autopickup; reactivate with Ctrl-A.
RatchetSly's ghost points at you and mumbles some strange words.
You are confused.
There is a large open door here.
You bump into the rock wall.
You feel less confused. The ettin hits you but does no damage.
The ettin hits you with a +0 great mace!!
* * * LOW HITPOINT WARNING * * *
The ettin hits you with a +0 dire flail!!
* * * LOW HITPOINT WARNING * * *
The ettin hits you with a +0 great mace!
You die...

#..#.........#Y##
#######..'.........#Wo.
#........#......####...
#........#..W...#......
#........'......#......
#........'o.....#......
#........############..
#......C.......##∩8.##.
#.....@........#∩...o#.
#...#########..#8....'.
#.. #..#∩.8_.'. #.
#..#8....'. #..#.....#.
#.. #..##.8.##. #...
#...####### #...
#..........
#...#########..........


You could see an ettin, RatchetSly's ghost and an orc.

Vanquished Creatures
  An unseen horror (D:8)
  Pikel (D:6)
  Psyche (D:8)
  A hippogriff (D:10)
  A meliai zombie (D:9)
  Sigmund (D:6)
  7 yaks
  A vampire mosquito (D:10)
  A hungry ghost (D:8)
  Edmund (D:6)
  2 wargs (D:9)
  2 orc warriors
  A slave (D:6)
  3 sky beasts
  6 necrophages (D:7)
  2 phantoms
  3 centaurs (D:5)
  2 ogres
  A crocodile (D:7)
  An elf skeleton (D:7)
  A scorpion (D:6)
  5 wights
  6 killer bees (D:8)
  A howler monkey (D:6)
  A centaur zombie (D:6)
  11 crimson imps
  4 hounds
  3 bullfrog skeletons
  7 orc priests
  A human zombie (D:7)
  Ijyb (D:3)
  Terence (D:2)
  A human skeleton (D:7)
  2 iguanas
  7 orc wizards
  7 worker ants
  A hound skeleton (D:6)
  A mummy (D:7)
  Robin (D:2)
  16 gnolls
  12 adders
  A white imp (D:9)
  4 adder skeletons
  3 worms
  2 dart slugs
  4 leopard geckos
  46 orcs
  9 bats
  6 giant cockroaches
  23 goblins
  9 hobgoblins
  14 jackals
  10 kobolds
  7 quokkas
  A ball python zombie (D:6)
  4 frilled lizards
  A jackal zombie (D:7)
  3 orc skeletons (D:7)
  2 quokka skeletons
  6 rats
  A plant (D:1)
285 creatures vanquished.

Notes
Turn   | Place    | Note
-------+----------+-------------------------------------------
     0 | D:1      | Cronone the Minotaur Fighter began the quest for the Orb.
     0 | D:1      | Reached XP level 1. HP: 19/19 MP: 0/0
   124 | D:1      | Reached XP level 2. HP: 27/27 MP: 1/1
   591 | D:2      | Noticed Terence
   597 | D:2      | Killed Terence
   597 | D:2      | Reached XP level 3. HP: 25/33 MP: 2/2
   638 | D:2      | Reached skill level 1 in Dodging
   644 | D:2      | Reached XP level 4. HP: 26/40 MP: 3/3
   869 | D:2      | Noticed Robin
   959 | D:2      | Reached skill level 1 in Long Blades
   964 | D:2      | HP: 1/41 [gnoll/+0 halberd (5)]
  1263 | D:2      | Reached XP level 5. HP: 47/47 MP: 4/4
  1270 | D:2      | Killed Robin
  1754 | D:3      | Noticed Ijyb
  1769 | D:3      | Killed Ijyb
  1913 | D:3      | Found a glowing golden altar of the Shining One.
  1923 | D:3      | Reached skill level 5 in Shields
  2106 | D:3      | Reached XP level 6. HP: 46/53 MP: 5/5
  3000 | D:4      | Found Yqeereti's Jewellery Emporium.
  3180 | D:4      | Reached XP level 7. HP: 60/60 MP: 6/6
  3220 | D:5      | Entered Level 5 of the Dungeon
  3245 | D:5      | Reached skill level 5 in Long Blades
  3310 | D:5      | Reached skill level 5 in Fighting
  3310 | D:5      | Reached skill level 5 in Armour
  3329 | D:5      | Found an opulent altar of Gozag.
  4007 | D:5      | Reached XP level 8. HP: 57/68 MP: 7/7
  4401 | D:6      | Noticed Sigmund
  4416 | D:6      | Killed Sigmund
  4441 | D:6      | Noticed Edmund
  4469 | D:6      | Killed Edmund
  4675 | D:6      | Found Ajeg Mei's Magic Scroll Emporium.
  4693 | D:6      | Bought a scroll of identify for 22 gold pieces
  4716 | D:6      | Noticed Pikel
  4760 | D:6      | Killed Pikel
  4760 | D:6      | Reached XP level 9. HP: 77/77 MP: 8/8
  5163 | D:7      | Found Taitaikho's Jewellery Shoppe.
  5187 | D:7      | Reached skill level 10 in Long Blades
  5241 | D:7      | Found a staircase to the Ecumenical Temple.
  5298 | D:7      | Found a shimmering altar of Xom.
  5298 | D:7      | Found a shimmering altar of Xom.
  5298 | D:7      | Found a shimmering altar of Xom.
  5298 | D:7      | Found a shimmering altar of Xom.
  5298 | D:7      | Found a shimmering altar of Xom.
  5298 | D:7      | Found a shimmering altar of Xom.
  5318 | D:7      | Found a shimmering altar of Xom.
  5318 | D:7      | Found a shimmering altar of Xom.
  5318 | D:7      | Found a shimmering altar of Xom.
  5345 | D:7      | Found a blossoming altar of Fedhas.
  5464 | D:7      | Reached skill level 1 in Maces & Flails
  5594 | D:7      | Found Opuytim's Distillery.
  5995 | D:7      | Noticed a deep troll
  5995 | D:7      | Noticed a swamp dragon
  6004 | D:7      | Noticed a moth of wrath
  6004 | D:7      | a deep troll changed into a moth of wrath
  6090 | Temple   | Entered the Ecumenical Temple
  6291 | Temple   | Became a worshipper of Ru the Awakened
  6412 | D:8      | Found a flagged portal.
  6756 | D:8      | Killed an unseen horror
  6756 | D:8      | Reached skill level 5 in Maces & Flails
  6756 | D:8      | Reached XP level 10. HP: 50/86 MP: 9/9
  7096 | D:8      | Noticed Psyche
  7105 | D:8      | Killed Psyche
  8010 | D:8      | Gained mutation: You are slightly vulnerable to magic.
                  | (MR-) [Ru sacrifice]
  8010 | D:8      | Reached * piety under Ru
  8348 | D:10     | Entered Level 10 of the Dungeon
  8906 | D:9      | Found a staircase to the Lair.
  9495 | D:4      | Bought the amulet "Bumnou" {Reflect rN+ Str+3 Dex-2 Slay+5
                  | SH+2} for 501 gold pieces
  9742 | D:10     | Reached skill level 10 in Armour
  9906 | D:10     | Found a staircase to the Orcish Mines.
  9914 | D:10     | Gained mutation: You are somewhat unskilled. (-1 Apt) [Ru
                  | sacrifice]
  9914 | D:10     | Reached ** piety under Ru
  9914 | D:10     | Reached *** piety under Ru
  9953 | D:10     | Found a runed translucent gate.
 10110 | D:10     | Noticed RatchetSly's ghost (novice SpAs)
 10111 | D:10     | Found a runed translucent gate.
 10112 | D:10     | Found an opulent altar of Gozag.
 10112 | D:10     | Found a runed translucent gate.
 10112 | D:10     | Noticed an ettin
 10154 | D:10     | Mangled by an ettin

Skill      XL: |  1  2  3  4  5  6  7  8  9 10 |
---------------+-------------------------------+-----
Fighting       | 4 5 6 7 8 |  8.7
Shields        | 4 5 6 8 9 8 |  8.7
Armour         | 4 5 6 9 |  9.4
Dodging        | 1 2 3 |  3.1
Axes           | 3 |  3.2
Long Blades    | 1 2 4 6 9 10 9 |  9.2
Maces & Flails | 5 |  5.4
Stealth        | |  0.1

Action                   |  1- 3 |  4- 6 |  7- 9 | 10-12 || total
-------------------------+-------+-------+-------+-------++-------
Melee: War axe           |    64 |    59 |       |       ||   123
       Headbutt          |    17 |    37 |    72 |    43 ||   169
       Falchion          |       |   147 |   332 |       ||   479
       Dire flail        |       |       |    67 |   198 ||   265
Throw: Tomahawk          |       |       |     2 |     3 ||     5
Invok: Sacrifice Essence |       |       |       |     1 ||     1
       Sacrifice Skill   |       |       |       |     1 ||     1
  Use: Potion            |       |     1 |       |       ||     1
       Scroll            |       |     2 |     1 |     2 ||     5
  Eat: Ration            |       |     1 |       |     2 ||     3
       Chunk             |       |     4 |    12 |     5 ||    21
Armor: Scale mail        |    16 |       |       |       ||    16
       Chain mail        |    18 |   105 |   189 |   112 ||   424
Dodge: Dodged            |    16 |    57 |    86 |    92 ||   251
Block: Shield            |    23 |   134 |   161 |       ||   318
       Other             |       |       |       |     4 ||     4
       Rpst.: Falchion   |       |     8 |    15 |       ||    23
